 Dungeon Crawl Stone Soup version 0.15.1 (webtiles) character file.

81 DrPain the Sneak (level 4, 0/29 HPs)
             Began as an Octopode Assassin on Sept 16, 2014.
             Slain by Terence
             ... wielding a +0 hand axe
              (5 damage)
             ... on Level 3 of the Dungeon.
             The game lasted 00:03:30 (1351 turns).

DrPain the Sneak (Octopode Assassin)                Turns: 1351, Time: 00:03:30

HP   0/29        AC  1     Str 10      XL: 4   Next: 42%
MP   4/4         EV 12     Int 13      God:
Gold 109         SH  0     Dex 14      Spells:  0 memorised,  3 levels left

rFire  . . .     SeeInvis .     f - +0 blowgun
rCold  . . .     Clarity  .     (no shield)
rNeg   + . .     rCorr    .     (helmet restricted)
rPois  .         rRot     .     (no amulet)
rElec  .         Spirit   .     i - ring of positive energy
SustAb .         Warding  .     (no ring)
rMut   .         Stasis   .     (no ring)
Gourm  .                        (no ring)
MR     .....                    (no ring)
                                (no ring)
                                (no ring)
                                (no ring)

@: not resistant to hostile enchantments, stealthy
A: almost no armour, amphibious, 8 rings, constrict 8, camouflage 1, gelatinous
body 1
a: no special abilities


You were on level 3 of the Dungeon.
You were not hungry.

You visited 1 branch of the dungeon, and saw 3 of its levels.

You collected 109 gold pieces.

Inventory:

Hand weapons
 f - a +0 blowgun (weapon)
 w - a +2 dagger
Missiles
 b - 2 curare-tipped needles
 e - 6 poisoned needles (quivered)
Comestibles
 c - 2 meat rations
 g - 5 bread rations
 o - a beef jerky
Scrolls
 a - a scroll of enchant armour {unknown}
 d - 3 scrolls of magic mapping {unknown}
 h - 2 scrolls of identify {unknown}
 k - a scroll of immolation {unknown}
 m - a scroll of noise {unknown}
 p - a scroll of amnesia {unknown}
Jewellery
 i - a ring of positive energy (left tentacle)
Potions
 j - a potion of might {unknown}
 l - 2 potions of mutation {unknown}
 n - a potion of confusion {unknown}


   Skills:
 - Level 2.0 Fighting
 + Level 4.0 Short Blades
 - Level 2.0 Throwing
 - Level 1.0 Dodging
 - Level 6.0 Stealth


You had 3 spell levels left.
You didn't know any spells.

Dungeon Overview and Level Annotations

Branches:
Dungeon (3/15)

Altars:

Annotations:
D:3 Terence


Innate Abilities, Weirdness & Mutations

You cannot wear most types of armour.
You are amphibious.
You can wear up to eight rings at the same time.
You can use your tentacles to constrict many enemies at once.
Your skin changes colour to match your surroundings (Stealth).
Your rubbery body absorbs attacks (AC +1).


Message History

The hobgoblin is poisoned.
The hobgoblin closely misses you.
Firing (i - inventory. (,) - cycle):
e - 7 poisoned needles (quivered)
Press: ? - help, Shift-Dir - straight line, f/p - hobgoblin
Aim: a hobgoblin, wielding a club (poisoned)
You shoot a poisoned needle. The poisoned needle hits the hobgoblin!
The hobgoblin looks even sicker.
Wield which item (- for none, * to show all)? (? for menu, Esc to quit)
w - a +2 dagger (weapon)
The hobgoblin hits you but does no damage.
You hit the hobgoblin.
You kill the hobgoblin!
Terence closely misses you. Terence hits you with a hand axe.
Terence hits you with a hand axe.
Wield which item (- for none, * to show all)? (? for menu, Esc to quit)
f - a +0 blowgun (weapon)
Terence hits you with a hand axe!
* * * LOW HITPOINT WARNING * * *
Terence hits you with a hand axe.
You die...

#########
#....<@.###########
#.#####@..#.......#
#.##....%.#.#####.#
#.##.##.#.#.#####.#
#.##.##.#......##.#
#.......###.##.##.#
####.#### #.......#
#.# ####.#### #.#
#...#


You could see Terence.

Vanquished Creatures
  A gnoll (D:1)
  3 adders (D:2)
  2 giant mites
  An orc (D:3)
  6 bats
  A giant cockroach (D:3)
  4 hobgoblins
  A quokka (D:2)
  5 goblins
  3 kobolds (D:1)
  4 rats
31 creatures vanquished.

Notes
Turn   | Place    | Note
--------------------------------------------------------------
     0 | D:1      | DrPain, the Octopode Assassin, began the quest for the Orb.
     0 | D:1      | Reached XP level 1. HP: 14/14 MP: 1/1
    44 | D:1      | Reached XP level 2. HP: 19/19 MP: 2/2
   170 | D:1      | Reached skill level 6 in Stealth
   719 | D:1      | Reached XP level 3. HP: 24/24 MP: 3/3
   855 | D:2      | Reached XP level 4. HP: 29/29 MP: 4/4
  1303 | D:3      | Noticed Terence
  1351 | D:3      | Slain by Terence

Action                   |  1- 3 |  4- 6 || total
-------------------------+-------+-------++-------
Melee: Dagger            |    32 |    17 ||    49
 Fire: Blowgun           |     2 |     2 ||     4
 Stab: Sleeping          |    10 |     2 ||    12
  Eat: Royal jelly       |       |     1 ||     1
